 Dungeon Crawl Stone Soup version 0.31-a0-210-gccc998df9b (webtiles) character file.

Game seed: 7094414631521524756

2590 qw the Skirmisher (level 9, 0/79 HPs)
             Began as a Minotaur Hexslinger on June 29, 2023.
             Shot with an arrow by a centaur (2 damage)
             ... on level 7 of the Dungeon.
             The game lasted 00:02:52 (6361 turns).

qw the Skirmisher (Minotaur Hexslinger)             Turns: 6361, Time: 00:02:52

Health: 0/79       AC:  6    Str: 13    XL:     9   Next: 33%
Magic:  9/9        EV: 14    Int: 10    God:
Gold:   186        SH:  0    Dex: 17    Spells: 9/10 levels left

rFire   . . .        Y - +2 orcbow (freeze)
rCold   . . .        (shield currently unavailable)
rNeg    . . .        a - +0 robe "Ivahiul" {Contam +Blink rElec Will++}
rPois   .            (helmet restricted)
rElec   +            d - +0 cloak
rCorr   .            r - +0 pair of gloves
SInv    .            g - +1 pair of boots
Will    +++..        (no amulet)
Stlth   ++           o - ring of willpower
HPRegen 0.33/turn    (no ring)
MPRegen 0.11/turn

%: no passive effects
@: lethally poisoned (0 -> -4)
A: horns 2, retaliatory headbutt
a: Evoke Blink


You were on level 7 of the Dungeon.
You visited 1 branch of the dungeon, and saw 7 of its levels.
You also visited: Sewer.

You collected 374 gold pieces.
You spent 188 gold pieces at shops.


Innate Abilities, Weirdness & Mutations

You have a pair of horns on your head.
You reflexively headbutt those who attack you in melee.


   Skills:
 - Level 7.1 Fighting
 + Level 11.2 Ranged Weapons
 - Level 3.0 Armour
 - Level 5.0 Dodging
 - Level 1.0 Spellcasting
 - Level 2.0 Hexes


You had 9 spell levels left.
You knew the following spells:

 Your Spells              Type           Power      Damage    Failure   Level
a - Slow                  Hex            16%        N/A       16%         1

Your spell library contained the following spells:

 Spells                   Type           Power      Damage    Failure   Level
 Inner Flame              Hex/Fire       2%         N/A       56%         3
 Portal Projectile        Hex/Tloc       4%         N/A       56%         3
 Cause Fear               Hex            2%         N/A       83%         4

Inventory:

Hand Weapons
 Y - a +2 orcbow of freezing (weapon)
Armour
 a - the +0 robe "Ivahiul" (worn) {Contam +Blink rElec Will++}
   (You bought it in a shop on level 6 of the Dungeon)

   rElec:     It insulates you from electricity.
   +Blink:    It lets you blink.
   Contam:    It causes magical contamination when unequipped.
   Will:      It greatly increases your willpower.
 d - a +0 cloak (worn)
 g - a +1 pair of boots (worn)
 p - a +1 ring mail of fire resistance
 r - a +0 pair of gloves (worn)
Jewellery
 o - a ring of willpower (left hand)
Scrolls
 f - a scroll of acquirement {unknown}
 l - a scroll of identify
Potions
 b - 2 potions of curing
 c - a potion of cancellation
 e - a potion of degeneration {unknown}
 h - 3 potions of haste
 j - 2 potions of mutation {unknown}
 m - a potion of lignification {unknown}
 n - a potion of resistance

Dungeon Overview and Level Annotations

Branches:
Dungeon (7/15)              Sewer (visited)
 Temple: D:4-7

Altars:
Ashenzari
Elyvilon
Gozag
Hepliaklqana
Makhleb
Ru
Xom

Shops:
D:6 [


Message History

The arrow hits the orc wizard.
The arrow freezes the orc wizard.
The orc wizard is heavily wounded.
The centaur wields a +3 orcbow.
The centaur shoots an arrow.
The arrow barely misses you.
The orc priest calls down the wrath of Beogh upon you.
Beogh smites you! The orc wizard closely misses you.
You shoot an arrow. The arrow hits the orc wizard.
The arrow freezes the orc wizard.
The orc wizard is almost dead.
The centaur shoots an arrow.
The arrow hits you!
The centaur shoots an arrow.
The arrow hits you. The orc hits you but does no damage. x2
The orc wizard hits you with a +0 dagger.
You shoot an arrow. The arrow hits the orc wizard.
The arrow freezes the orc wizard.
You kill the orc wizard!
The centaur shoots an arrow.
The arrow hits you!
Your Dodging skill increases to level 5!
You shoot an arrow. The arrow hits the orc priest!
The arrow freezes the orc priest.
The orc priest is almost dead.
The centaur shoots an arrow.
The arrow hits you! The orc hits you with a +4 heavy mace!
The orc hits you but does no damage.
You are poisoned.
The centaur shoots an arrow.
The arrow hits you.
The orc priest hits you with a +0 hand axe.
The orc hits you but does no damage.
You shoot an arrow. The arrow hits the orc priest!
The arrow freezes the orc priest.
You kill the orc priest!
You feel very sick.
The centaur shoots an arrow.
The arrow hits you! The orc barely misses you. You furiously retaliate!
You headbutt the orc. The orc hits you with a +4 heavy mace!
The orc closely misses you. You furiously retaliate!
You headbutt the orc. You shoot an arrow. The arrow closely misses the orc.
You feel sick.
You shoot an arrow. The arrow hits the orc!
The arrow freezes the orc.
You kill the orc!
You feel sick.
The centaur shoots an arrow.
The arrow hits you.
You die...

#..###. .. #...... ...
#..... ...
#.....####.# .
#.........# .
#.........## .
#....)o....# .
#....o@....# .
#....).....c# .
##.....##..........#.#
. 8.....8#.....##..##
. #.....##.....##.## .
#8...8##........# #
##_## #.......##
########........#
#.......##....###


You could see a centaur and 2 orcs.

Vanquished Creatures
  Sigmund (D:6)
  A wyvern (D:7)
  Menkaure (D:4)
  Duvessa (D:6)
  2 water moccasins
  4 black bears
  2 ogres (D:5)
  3 phantoms (D:6)
  Blork the orc (D:6)
  A kobold brigand (D:6)
  A gnoll sergeant (D:6)
  A scorpion (D:5)
  Dowan (D:6)
  2 jellies (D:6)
  A howler monkey (D:6)
  3 hounds
  2 orc priests
  2 sleepcaps
  An orc wizard (D:7)
  6 iguanas
  12 gnolls
  5 adders
  A shadow imp (D:5)
  3 white imps (D:6)
  3 ufetubi
  2 worms (D:2)
  3 dart slugs
  12 orcs
  5 bats
  6 endoplasms
  3 giant cockroaches
  10 hobgoblins
  7 jackals
  11 kobolds
  8 quokkas
  7 ball pythons
  4 frilled lizards
  8 goblins
  3 rats
150 creatures vanquished.

Notes
Turn   | Place    | Note
-------+----------+-------------------------------------------
     0 | D:1      | qw the Minotaur Hexslinger began the quest for the Orb.
     0 | D:1      | Reached XP level 1. HP: 16/16 MP: 1/1
     0 | D:1      | 0 ||| qw: Version: 0.3-a-24-ga2abf7b
     0 | D:1      | 0 ||| qw: Game counter: 6782
     0 | D:1      | 0 ||| qw: Melee chars always use a shield: true
     0 | D:1      | 0 ||| qw: God list: Okawaru
     0 | D:1      | 0 ||| qw: Allow faded altars: false
     0 | D:1      | 0 ||| qw: Do Orc after clearing Dungeon:15 true
     0 | D:1      | 0 ||| qw: Do second Lair branch before Depths: true
     0 | D:1      | 0 ||| qw: Lair rune preference: random
     0 | D:1      | 0 ||| qw: Goals: Normal
     0 | D:1      | 0 ||| PLANNING D:1-11
   102 | D:1      | Reached skill level 3 in Ranged Weapons
   104 | D:1      | Reached XP level 2. HP: 23/23 MP: 2/2
   654 | D:1      | 654 ||| UPGRADING to +0 cloak.
   659 | D:1      | 659 ||| UPGRADING to +0 leather armour.
   669 | D:1      | 669 ||| DROPPING +0 robe.
   670 | D:1      | 670 ||| UPGRADING to +0 ring mail.
   680 | D:1      | 680 ||| DROPPING +0 leather armour.
   681 | D:1      | 681 ||| UPGRADING to +0 pair of boots.
   686 | D:1      | 686 ||| READING scroll labelled SIPATRO RIUW.
   687 | D:1      | 687 ||| DRINKING 2 purple potions.
   688 | D:1      | 688 ||| DROPPING scroll of poison.
   745 | D:2      | Reached XP level 3. HP: 29/29 MP: 3/3
   796 | D:2      | Reached skill level 1 in Armour
   799 | D:2      | HP: 2/29 [gnoll/+0 flail (10)]
   864 | D:2      | 864 ||| FLEEEEING.
   865 | D:2      | 865 ||| FLEEEEING.
   998 | D:2      | Found a white marble altar of Elyvilon.
  1006 | D:2      | Reached skill level 4 in Ranged Weapons
  1012 | D:2      | Reached XP level 4. HP: 19/36 MP: 4/4
  1752 | D:2      | 1752 ||| READING scroll labelled CEEJOMU ARPHUENK.
  1753 | D:2      | 1753 ||| READING scroll labelled TEACSATOHI.
  1754 | D:2      | 1754 ||| READING scroll labelled FITEJO JIYTRI.
  2070 | D:3      | Reached skill level 5 in Ranged Weapons
  2201 | D:3      | Reached XP level 5. HP: 26/44 MP: 5/5
  2306 | D:3      | Reached skill level 3 in Fighting
  2522 | D:3      | 2522 ||| UPGRADING to ring of willpower.
  2523 | D:3      | 2523 ||| READING scroll labelled JUSUR MAENTIM.
  2601 | D:3      | 2601 ||| READING 2 scrolls labelled EFUESHR EFFIA.
  2602 | D:3      | 2602 ||| DRINKING 3 black potions.
  2643 | D:4      | Noticed Menkaure
  2656 | D:4      | Killed Menkaure
  2657 | D:4      | Reached skill level 6 in Ranged Weapons
  2657 | D:4      | Reached XP level 6. HP: 22/51 MP: 6/6
  3084 | D:4      | Found a shimmering altar of Xom.
  3211 | D:4      | 3211 ||| UPGRADING to +1 ring mail of fire resistance.
  3221 | D:4      | 3221 ||| DROPPING +0 ring mail.
  3222 | D:4      | 3222 ||| READING scroll labelled DEPNO DUEPH.
  3223 | D:4      | 3223 ||| READING scroll labelled NOEVETI TERISY.
  3228 | D:5      | Entered Level 5 of the Dungeon
  3229 | D:5      | 3229 ||| PLANNING SEWER
  3282 | D:5      | Reached skill level 7 in Ranged Weapons
  3342 | D:5      | Reached XP level 7. HP: 43/59 MP: 7/7
  3739 | D:5      | Found a glowing drain.
  3755 | Sewer    | Entered a sewer
  3802 | Sewer    | HP: 13/59 [water moccasin (6)]
  3805 | Sewer    | HP: 5/59 [water moccasin (2)]
  3806 | Sewer    | 3806 ||| DRINKING 2 potions of curing.
  3806 | Sewer    | 3806 ||| (to cure poison)
  3974 | Sewer    | 3974 ||| SWAPPING to +2 orcbow of freezing.
  3975 | Sewer    | 3975 ||| DROPPING +1 sling.
  4023 | Sewer    | 4023 ||| READING scroll of enchant armour.
  4023 | Sewer    | 4023 ||| ENCHANTING +0 pair of boots.
  4024 | Sewer    | 4024 ||| DROPPING ring of flight.
  4025 | Sewer    | 4025 ||| DRINKING 2 metallic coppery potions.
  4041 | D:5      | 4041 ||| PLANNING D:1-11
  4222 | D:5      | Reached skill level 8 in Ranged Weapons
  4481 | D:5      | 4481 ||| FLEEEEING.
  4482 | D:5      | 4482 ||| FLEEEEING.
  4483 | D:5      | 4483 ||| FLEEEEING.
  4487 | D:5      | 4487 ||| FLEEEEING.
  4560 | D:5      | Found a sacrificial altar of Ru.
  4560 | D:5      | Found an opulent altar of Gozag.
  4625 | D:5      | 4625 ||| UPGRADING to +0 pair of gloves.
  4630 | D:5      | 4630 ||| READING scroll labelled LUEDEYHAEG.
  4631 | D:5      | 4631 ||| READING 5 scrolls of identify.
  4631 | D:5      | 4631 ||| IDENTIFYING dark potion
  4632 | D:5      | 4632 ||| READING 4 scrolls of identify.
  4632 | D:5      | 4632 ||| IDENTIFYING lumpy black potion
  4633 | D:5      | 4633 ||| READING 3 scrolls of identify.
  4633 | D:5      | 4633 ||| IDENTIFYING fuming white potion
  4634 | D:5      | 4634 ||| READING 2 scrolls of identify.
  4634 | D:5      | 4634 ||| IDENTIFYING bubbling black potion
  4635 | D:5      | 4635 ||| DROPPING potion of invisibility.
  4636 | D:5      | 4636 ||| DROPPING potion of magic.
  4637 | D:5      | 4637 ||| DROPPING potion of brilliance.
  4638 | D:5      | 4638 ||| DROPPING potion of berserk rage.
  4694 | D:6      | Reached XP level 8. HP: 68/68 MP: 8/8
  4699 | D:6      | Reached skill level 9 in Ranged Weapons
  4700 | D:6      | Reached skill level 3 in Armour
  4770 | D:6      | 4770 ||| Stepping ~*~*~tactically~*~*~ (outnumbered).
  4778 | D:6      | Reached skill level 3 in Dodging
  4891 | D:6      | 4891 ||| READING scroll labelled OLAKYM YNGI.
  4893 | D:6      | 4893 ||| DRINKING 2 golden potions.
  4900 | D:6      | Noticed Blork the orc
  4901 | D:6      | Noticed Sigmund
  4907 | D:6      | 4907 ||| FLEEEEING.
  4908 | D:6      | 4908 ||| FLEEEEING.
  4909 | D:6      | 4909 ||| FLEEEEING.
  4910 | D:6      | 4910 ||| FLEEEEING.
  4911 | D:6      | 4911 ||| FLEEEEING.
  4912 | D:6      | 4912 ||| FLEEEEING.
  4913 | D:6      | 4913 ||| FLEEEEING.
  4932 | D:6      | 4932 ||| FLEEEEING.
  4933 | D:6      | 4933 ||| FLEEEEING.
  4934 | D:6      | 4934 ||| FLEEEEING.
  4937 | D:6      | Killed Blork the orc
  4938 | D:6      | Reached skill level 6 in Fighting
  4946 | D:6      | 4946 ||| FLEEEEING.
  4954 | D:6      | Killed Sigmund
  5007 | D:6      | 5007 ||| Stepping ~*~*~tactically~*~*~ (water).
  5009 | D:6      | 5009 ||| Stepping ~*~*~tactically~*~*~ (water).
  5011 | D:6      | 5011 ||| Stepping ~*~*~tactically~*~*~ (water).
  5067 | D:6      | Found a hazy altar of Hepliaklqana.
  5148 | D:6      | Reached skill level 10 in Ranged Weapons
  5148 | D:6      | Found Ryojalent's Antique Armour Shoppe.
  5157 | D:6      | 5157 ||| BUYING faintly glowing robe (188 gold).
  5157 | D:6      | Bought a faintly glowing robe for 188 gold pieces
  5157 | D:6      | Identified the +0 robe "Ivahiul" {Contam +Blink rElec
                  | Will++} (You bought it in a shop on level 6 of the Dungeon)
  5157 | D:6      | 5157 ||| SHOPLISTING glowing cloak (247 gold, have 140).
  5157 | D:6      | 5157 ||| SHOPLISTING runed ring mail (231 gold, have 140).
  5351 | D:6      | Noticed Duvessa
  5351 | D:6      | Noticed Dowan
  5364 | D:6      | HP: 17/73 [Duvessa/+0 short sword (5)]
  5365 | D:6      | 5365 ||| DRINKING potion of heal wounds.
  5369 | D:6      | Killed Duvessa
  5373 | D:6      | HP: 17/73 [Dowan/+0 dagger (1)]
  5382 | D:6      | Killed Dowan
  5383 | D:6      | Reached XP level 9. HP: 22/79 MP: 9/9
  5746 | D:6      | 5746 ||| UPGRADING to +0 robe "Ivahiul" {Contam +Blink
                  | rElec Will++}.
  5837 | D:6      | 5837 ||| READING 2 scrolls of identify.
  5837 | D:6      | 5837 ||| IDENTIFYING glowing blue potion
  6038 | D:7      | Reached skill level 11 in Ranged Weapons
  6211 | D:7      | Found a burning altar of Makhleb.
  6329 | D:7      | Found a broken altar of Ashenzari.
  6359 | D:7      | HP: 13/79 [centaur/arrow (7)]
  6359 | D:7      | HP: 4/79 [orc/+4 heavy mace (9)]
  6361 | D:7      | Shot with an arrow by a centaur

Levels and vault maps discovered:
D:1:      minmay_arrival_loop, layout_basic
D:2:      layout_loops_ring, basic_altar
D:3:      layout_loops_ring, nicolae_figureground_pulse
D:4:      layout_rooms, mainiacjoe_overflow_alcove_4, uniq_menkaure
D:5:      layout_basic, gammafunk_temple_overflow_pools, portal_sewer_entry_f
D:6:      cheibrodos_thug_alley, layout_gridville, mainiacjoe_overflow_paths,
          serial_shops, shop, amcnicky_mini_pool_small,
          minmay_fractal_squares_diagonal_5, uniq_duvessa, uniq_sigmund,
          uniq_blork_the_orc
D:7:      layout_layer_cave, nicolae_overflow_hidden_temple,
          makhleb_heckhound_becter, lemuel_temple_firewalk_b, uniq_pikel

Skill      XL: |  1  2  3  4  5  6  7  8  9 |
---------------+----------------------------+-----
Ranged Weapons | 3 4 5 6 7 8 10 11 | 11.2
Fighting       | 2 3 4 5 7 |  7.1
Armour         | 1 2 3 |  3.0
Dodging        | 3 5 |  5.0
Spellcasting   | |  1.0
Hexes          | |  2.0

Action                     |  1- 3 |  4- 6 |  7- 9 || total
---------------------------+-------+-------+-------++-------
   Fire: Sling             |    87 |   223 |    63 ||   373
         Orcbow            |       |       |   242 ||   242
    Use: Scroll            |     1 |     7 |     8 ||    16
         Potion            |     1 |     1 |     4 ||     6
 Armour: Robe              |     6 |       |    10 ||    16
         Ring mail         |     3 |    35 |    60 ||    98
  Dodge: Dodged            |    23 |    81 |    90 ||   194

Table legend:
 A = Non-vault XP
 B = Vault XP
 C = Vault XP percentage of total XP
 D = Non-vault monster count
 E = Vault monster count
 F = Vault count percentage of total count
                 A         B        C        D         E       F
            +---------+---------+-------+---------+---------+-------
      Total |    2356 |    1348 |  36.4 |     118 |      32 |  21.3
            +---------+---------+-------+---------+---------+-------
        D:1 |      40 |       0 |   0.0 |      22 |       0 |   0.0
        D:2 |      95 |       0 |   0.0 |      22 |       0 |   0.0
        D:3 |      81 |       0 |   0.0 |      18 |       0 |   0.0
        D:4 |     139 |     172 |  55.3 |      19 |       1 |   5.0
        D:5 |     551 |      10 |   1.8 |      12 |       5 |  29.4
        D:6 |     812 |     981 |  54.7 |      16 |      23 |  59.0
        D:7 |     638 |      43 |   6.3 |       9 |       1 |  10.0
      Sewer |       0 |     142 | 100.0 |       0 |       2 | 100.0
            +---------+---------+-------+---------+---------+-------
